Map: [ESL] Gresvan

Players

Cham - Winner!

  • Race: Zerg Zerg

Ryung

  • Race: Terran Terran
  • League: Master

Event: IEM Katowice 2023

VOD

Have the link to the VOD?

Description

Time

  • Played on: Feb. 8, 2023, 10:14 a.m.
  • Length: 14:19

All games in this series

Show
View Real Time Build Order
Export as new Build Order

Cham Zerg - Winner!

Build Orders: Hatch First 

Get SALT Encoding   

  12  0:00  Drone  
  13  0:14  Overlord  
  13  0:16  Drone  
  14  0:33  Drone x2  
  16  0:48  Hatchery  
  15  0:51  Drone  
  15  0:56  Drone  
  17  1:00  Drone  
  18  1:11  Spawning Pool  
  18  1:14  Extractor  
  18  1:16  Drone  
  17  1:19  Drone  
  18  1:29  Drone  
  19  1:41  Drone  
  20  1:51  Drone  
  21  2:00  Queen x2  
  21  2:01  Zergling x4  
  27  2:11  Zergling x2  
  27  2:12  Overlord  
  28  2:22  Hatchery  
  27  2:29  Drone  
  27  2:39  Pneumatized Carapace  
  27  2:40  Drone  
  27  2:41  Overlord  
  28  2:45  Drone  
  28  2:48  Drone  
  28  2:49  Drone  
  31  2:54  Metabolic Boost  
  31  2:59  Drone  
  31  3:00  Drone  
  33  3:06  Drone x2  
  35  3:14  Queen  
  35  3:16  Drone x2  
  35  3:18  Drone  
  41  3:27  Drone  
  41  3:28  Overlord  
  41  3:31  Queen  
  43  3:36  Queen  
  45  3:45  Zergling x4  
  45  3:47  Drone x3  
  45  3:48  Drone x2  
  52  3:51  Drone x2  
  52  3:54  Drone  
  55  3:57  Queen  
  57  4:04  Overlord  
  57  4:05  Overlord  
  57  4:14  Overlord  
  57  4:24  Drone x7  
  60  4:27  Drone x3  
  69  4:32  Drone  
  69  4:35  Lair, Overlord  
  69  4:37  Drone  
  71  4:40  Overlord  
  71  4:46  Evolution Chamber  
  71  4:48  Drone, Roach Warren, Evolution Chamber  
  71  4:49  Extractor x2  
  71  4:50  Drone  
  71  4:51  Extractor  
  71  4:52  Drone  
  68  4:53  Extractor, Drone  
  68  4:54  Zergling x6  
  68  4:55  Extractor  
  68  4:56  Drone  
  68  4:59  Zergling x2  
  70  5:00  Drone  
  71  5:09  Drone x2  
  71  5:10  Drone  
  74  5:14  Drone  
  74  5:17  Drone  
  74  5:18  Drone x2  
  74  5:20  Zerg Ground Armor Level 1  
  78  5:23  Drone x2  
  80  5:30  Drone x5  
  80  5:31  Hatchery  
  84  5:37  Glial Reconstitution  
  84  5:42  Overlord  
  84  5:45  Drone x2  
  84  5:47  Zerg Missile Weapons Level 1  
  84  5:48  Overlord x2  
  86  5:51  Overlord  
  86  5:54  Overlord x2  
  86  5:55  Overlord  
  86  6:01  Overlord  
  86  6:04  Roach  
  88  6:06  Roach  
  88  6:07  Roach x2  
  88  6:08  Roach  
  88  6:10  Roach x2  
  100  6:12  Roach  
  100  6:14  Roach  
  100  6:16  Roach  
  106  6:20  Roach x2  
  106  6:21  Overlord  
  106  6:23  Overlord  
  110  6:27  Roach  
  110  6:28  Overlord  
  110  6:29  Roach  
  114  6:33  Overlord  
  114  6:34  Roach x2  
  118  6:40  Roach x3  
  118  6:41  Overlord  
  118  6:43  Roach  
  118  6:47  Drone  
  127  6:50  Overlord  
  127  6:51  Roach  
  128  6:56  Roach x4  
  136  7:02  Roach  
  136  7:06  Ravager x4  
  136  7:07  Roach x2  
  136  7:08  Roach  
  148  7:09  Overlord  
  148  7:11  Roach  
  148  7:12  Roach  
  148  7:13  Roach  
  154  7:17  Roach  
  154  7:18  Roach x2  
  160  7:24  Roach  
  160  7:25  Roach x5  
  171  7:33  Roach x4  
  174  7:37  Roach  
  174  7:41  Roach x2  
  174  7:43  Roach  
  178  7:44  Roach  
  178  7:47  Roach x2  
  178  7:50  Infestation Pit  
  181  7:51  Drone  
  181  7:55  Drone  
  181  7:56  Drone  
  176  8:01  Overlord x2, Extractor  
  176  8:02  Drone x2  
  176  8:03  Drone  
  177  8:05  Extractor  
  177  8:08  Drone  
  177  8:12  Drone  
  156  8:13  Drone x3  
  156  8:14  Drone x3  
  156  8:19  Roach x3  
  145  8:20  Roach x2  
  145  8:22  Roach  
  145  8:23  Roach  
  145  8:24  Roach  
  145  8:25  Roach  
  140  8:28  Zerg Missile Weapons Level 2, Hive  
  140  8:31  Roach  
  134  8:37  Roach x3  
  134  8:38  Roach  
  134  8:39  Roach  
  144  8:41  Roach  
  144  8:45  Zerg Ground Armor Level 2  
  146  8:50  Spire  
  145  8:57  Infestor x2  
  149  9:03  Roach x2  
  149  9:04  Roach  
  149  9:05  Ravager  
  149  9:06  Ravager x2  
  149  9:09  Drone  
  159  9:14  Roach  
  159  9:15  Roach x3  
  167  9:17  Hatchery  
  167  9:19  Roach x3  
  172  9:24  Overlord  
  172  9:34  Ravager x2  
  172  9:35  Roach x11  
  196  9:43  Ravager  
  196  9:45  Ravager x2  
  199  10:12  Greater Spire  
  199  10:13  Ravager  
  200  10:15  Hatchery  
  200  10:17  Overlord  
  199  10:33  Overlord x5  
  191  11:06  Corruptor x2  
  191  11:07  Corruptor x4  
  175  11:20  Roach x13  
  194  11:30  Corruptor x2  
  181  11:37  Brood Lord x3  
  187  11:40  Drone x2  
  187  11:41  Drone x3, Spire  
  185  11:55  Hydralisk Den, Roach x6  
  185  11:59  Overlord  
  185  12:00  Roach  
  196  12:03  Roach x2  
  200  12:08  Roach  
  200  12:20  Roach  
  200  12:21  Hatchery  
  145  12:51  Roach  
  145  12:52  Roach x23  
  188  13:01  Greater Spire  
  188  13:02  Roach x3  
  194  13:05  Ravager x2  
  194  13:09  Roach x2  
  200  13:15  Overlord  
  200  13:17  Lurker Den  
  197  13:37  Roach  
  199  13:47  Roach  
  199  13:48  Roach x11  
  192  13:49  Roach  
  192  13:50  Roach x3  
  192  13:52  Hydralisk  
  192  13:53  Hydralisk  
Show
View Real Time Build Order
Export as new Build Order

Ryung Terran 

Build Orders: Reaper Expand 

Get SALT Encoding   

  12  0:00  SCV  
  13  0:12  SCV  
  14  0:18  Supply Depot  
  14  0:24  SCV  
  15  0:39  SCV  
  15  0:41  Barracks  
  16  0:43  Refinery  
  16  0:51  SCV  
  17  1:03  SCV  
  18  1:15  SCV  
  19  1:27  Reaper  
  19  1:28  Orbital Command  
  20  1:39  Command Center  
  20  1:47  Supply Depot  
  20  1:53  SCV  
  21  1:59  Marine  
  22  2:05  SCV  
  23  2:11  Factory  
  23  2:17  SCV  
  25  2:23  Barracks Reactor  
  25  2:29  SCV  
  25  2:39  Command Center  
  25  2:41  SCV  
  26  2:46  Refinery  
  26  2:53  Orbital Command  
  26  2:54  SCV  
  27  3:01  Starport  
  27  3:06  SCV  
  27  3:11  Hellion  
  30  3:14  Hellion  
  30  3:17  Barracks Tech Lab  
  30  3:18  SCV  
  33  3:20  SCV  
  34  3:30  SCV  
  34  3:32  SCV  
  34  3:33  Hellion  
  38  3:35  Hellion  
  40  3:42  SCV  
  40  3:44  SCV  
  45  3:49  Viking  
  45  3:54  Orbital Command, Barracks Tech Lab  
  45  3:55  SCV  
  45  3:57  SCV  
  45  4:02  Hellion  
  48  4:03  Hellion  
  50  4:10  SCV  
  50  4:11  SCV, Supply Depot  
  50  4:14  Marine, Stimpack  
  53  4:20  SCV  
  53  4:22  SCV  
  53  4:23  SCV  
  56  4:30  Starport Reactor  
  56  4:31  Barracks  
  56  4:34  Marine  
  56  4:35  SCV x2  
  56  4:36  Barracks  
  56  4:37  Factory Reactor, SCV  
  60  4:41  Supply Depot  
  60  4:46  Engineering Bay  
  60  4:47  Engineering Bay  
  60  4:50  SCV x2  
  60  4:52  Orbital Command, Marine  
  63  5:02  SCV x2  
  63  5:03  Barracks  
  63  5:04  Supply Depot  
  63  5:05  Barracks  
  65  5:11  Marine  
  65  5:13  Terran Infantry Armor Level 1, Terran Infantry Weapons Level 1  
  66  5:15  Refinery  
  66  5:16  Refinery  
  66  5:17  SCV x2  
  66  5:18  SCV  
  66  5:21  Marine x2  
  71  5:22  Starport Reactor  
  71  5:27  Supply Depot  
  71  5:28  Siege Tank  
  74  5:29  Marine  
  74  5:33  SCV x3  
  78  5:37  Marine x2  
  78  5:38  Marine  
  80  5:45  SCV x3  
  83  5:52  Supply Depot  
  83  5:53  Supply Depot, Barracks Reactor  
  83  5:55  Marine x3  
  86  5:57  Marine, SCV x3  
  90  6:04  Medivac  
  90  6:06  Combat Shield  
  90  6:09  SCV  
  93  6:14  Marine x3, Medivac, SCV x2  
  93  6:17  Siege Tank  
  103  6:19  Supply Depot  
  103  6:21  SCV  
  104  6:26  SCV x2  
  104  6:29  Supply Depot  
  106  6:33  Marine x2, SCV  
  106  6:34  Armory  
  109  6:41  Marine x3, SCV, Supply Depot  
  109  6:44  Supply Depot x2  
  109  6:46  Medivac x2  
  117  6:48  Marine x2  
  119  6:55  Siege Tank, Missile Turret x2  
  119  6:57  SCV  
  119  6:58  SCV x2  
  125  7:02  Marine  
  125  7:03  Marine x3  
  125  7:07  Refinery  
  129  7:08  Supply Depot  
  129  7:11  Marine x4  
  129  7:14  Marine  
  134  7:20  Marine x2, Medivac x2  
  134  7:21  Marine  
  141  7:25  Marine  
  141  7:28  Marine  
  141  7:29  Marine x3, Siege Tank  
  148  7:32  Marine  
  136  7:38  Marine x2, SCV x2  
  136  7:39  Marine, SCV  
  136  7:42  Marine  
  137  7:46  Marine x2  
  137  7:47  Marine x2  
  141  7:51  Marine, Terran Infantry Weapons Level 2  
  141  7:56  Marine x2  
  141  7:57  Marine  
  132  8:00  Marine  
  133  8:10  Marine  
  133  8:11  Marine x4  
  120  8:14  Marine x2  
  111  8:21  Marine x2, Medivac x2  
  96  8:27  Orbital Command  
  96  8:28  Marine x3  
  96  8:29  Marine x2  
  96  8:32  Marine  
  100  8:45  Supply Depot  
  100  8:46  Supply Depot  
  100  8:47  Supply Depot  
  100  8:51  Refinery  
  100  8:58  Supply Depot  
  100  9:00  Supply Depot  
  99  9:03  Terran Infantry Armor Level 2  
  99  9:05  Refinery  
  99  9:07  Marine, SCV, Refinery  
  99  9:09  Marine x7, SCV  
  109  9:13  SCV  
  109  9:15  Terran Vehicle Weapons Level 1  
  109  9:20  SCV  
  109  9:21  SCV  
  111  9:24  Siege Tank  
  111  9:25  SCV  
  115  9:32  Marine x6, SCV  
  115  9:33  SCV  
  115  9:37  SCV  
  115  9:38  Command Center  
  124  9:44  SCV  
  125  9:56  Supply Depot  
  125  9:57  Supply Depot  
  125  9:58  Supply Depot  
  125  9:59  SCV x3  
  126  10:00  Siege Tank  
  126  10:01  Marine x2  
  126  10:02  Marine x2  
  126  10:05  Supply Depot x2  
  133  10:16  Terran Infantry Weapons Level 3  
  133  10:17  Marine x2, Medivac x2  
  133  10:18  Marine, SCV x3  
  142  10:24  Marine x2  
  141  10:30  SCV x3  
  141  10:34  Factory  
  143  10:36  Siege Tank  
  143  10:42  SCV x2  
  148  10:43  Marine x6, SCV  
  148  10:49  Supply Depot  
  154  10:50  Supply Depot  
  154  10:52  Medivac x2  
  154  10:56  Marine x2  
  154  10:57  Marine  
  160  11:01  Marine  
  160  11:05  Marine x5  
  155  11:14  Marine x3  
  140  11:18  Marine  
  140  11:23  Marine x5  
  131  11:32  Marine x3  
  128  11:33  Siege Tank  
  128  11:36  Marine  
  128  11:37  Orbital Command  
  125  11:40  Marine x2  
  125  11:41  Marine x3  
  130  11:50  Marine x3  
  129  11:54  Marine  
  129  11:55  SCV  
  129  11:57  SCV  
  129  11:58  Marine x3  
  135  12:02  SCV  
  135  12:07  SCV  
  135  12:11  Planetary Fortress  
  135  12:12  Factory Tech Lab  
  135  12:14  SCV x2  
  131  12:25  SCV  
  131  12:26  Marine x4, SCV  
  131  12:27  Marine  
  131  12:28  Marine  
  131  12:29  Marine x3  
  139  12:31  Siege Tank  
  105  12:44  Marine x5  
  105  12:46  Marine  
  105  12:47  Marine x3  
  91  13:02  Marine x5  
  91  13:04  Marine  
  91  13:05  Marine x3  
  99  13:19  Marine x2  
  99  13:20  Marine x3  
  99  13:21  Marine  
  99  13:22  Marine x2  
  99  13:23  Marine  
  100  13:37  Marine x4  
  100  13:38  Marine  
  100  13:39  Marine  
  100  13:40  Marine x3  
  91  13:55  Marine x4  
  75  13:56  Marine  
  75  13:57  Marine  
  75  13:58  Marine x3  

Tags
 
Add a new tag
Caveats
  • Supply blocks, unpowered buildings, or Contaminate may cause inaccurate times.
  • Supply counts are checked every 10 seconds.